Map: Kairos Junction LE

Players

Stirbend - Winner!

  • Race: Zerg Zerg
  • League: Diamond
  • Spawn Location: 5:00

King

  • Race: Terran Terran
  • Spawn Location: 11:00

VOD

Have the link to the VOD?

Description

We're a piece of shit this week.

Time

  • Played on: March 7, 2019, 6:57 p.m.
  • Length: 16:16
Show
View Real Time Build Order
Export as new Build Order

Stirbend Zerg - Winner!

Build Orders: Hatch First, Swarm Host 

Get SALT Encoding   

  12  0:01  Drone  
  13  0:12  Overlord  
  13  0:18  Drone  
  14  0:30  Drone x2  
  14  0:34  Drone  
  17  0:55  Hatchery  
  16  0:58  Drone  
  16  1:02  Drone  
  18  1:14  Extractor  
  18  1:17  Spawning Pool  
  16  1:19  Drone  
  16  1:22  Drone  
  18  1:28  Drone  
  19  1:39  Drone  
  20  1:57  Hatchery  
  19  2:03  Zergling x2  
  19  2:04  Zergling x2  
  19  2:07  Queen  
  23  2:13  Drone  
  23  2:15  Drone  
  25  2:19  Drone  
  26  2:27  Drone  
  27  2:33  Drone  
  28  2:44  Drone  
  28  2:52  Metabolic Boost  
  28  2:56  Overlord x2  
  27  3:05  Evolution Chamber  
  26  3:08  Queen  
  26  3:10  Drone  
  29  3:18  Drone x5  
  35  3:20  Drone x2  
  35  3:21  Drone  
  35  3:24  Drone  
  38  3:27  Extractor  
  38  3:31  Zergling x4  
  39  3:39  Zerg Melee Weapons Level 1  
  39  3:42  Baneling Nest  
  39  3:43  Zergling x2  
  39  3:51  Queen  
  39  3:52  Overlord  
  41  4:01  Drone x3  
  41  4:02  Overlord  
  44  4:03  Drone  
  44  4:06  Extractor  
  43  4:11  Lair  
  42  4:20  Roach Warren  
  42  4:23  Zergling x8  
  45  4:28  Baneling x4  
  45  4:36  Spine Crawler, Drone x2  
  45  4:37  Drone  
  47  4:40  Drone  
  48  4:48  Drone x4  
  48  4:52  Drone x2  
  55  5:00  Drone x3  
  57  5:07  Overlord x2  
  57  5:11  Centrifical Hooks  
  57  5:15  Glial Reconstitution  
  57  5:29  Zergling x2  
  57  5:30  Zergling x18  
  57  5:33  Baneling x3  
  57  5:34  Baneling  
  67  5:36  Baneling x3  
  67  5:43  Roach  
  67  5:44  Roach x2  
  67  5:47  Overlord  
  73  5:56  Overlord  
  73  5:57  Overlord  
  54  6:12  Roach  
  54  6:13  Roach x8  
  67  6:30  Drone x11  
  71  6:42  Ravager x3  
  71  6:43  Drone  
  71  6:44  Drone x3  
  78  6:51  Drone  
  78  6:53  Drone x2  
  81  6:54  Queen  
  81  7:00  Overlord  
  83  7:02  Zerg Ground Armor Level 1, Drone  
  83  7:03  Drone  
  83  7:06  Zergling x4  
  83  7:07  Zergling x2  
  88  7:09  Drone x2  
  90  7:17  Overlord  
  90  7:18  Overlord x2  
  88  7:46  Zergling x12  
  88  7:47  Zergling x12  
  88  7:48  Baneling  
  88  7:49  Baneling x5  
  88  7:51  Evolution Chamber  
  99  7:53  Evolution Chamber  
  98  8:03  Overlord  
  98  8:04  Roach x8  
  114  8:08  Baneling x5  
  114  8:09  Baneling x3  
  114  8:10  Drone  
  115  8:16  Hatchery  
  102  8:47  Zerg Missile Weapons Level 1  
  102  8:48  Zerg Melee Weapons Level 2  
  102  8:53  Drone x5  
  102  8:54  Drone x11  
  102  8:55  Infestation Pit  
  108  9:12  Roach x6  
  108  9:13  Hatchery  
  110  9:27  Zergling x20  
  110  9:28  Zergling x6  
  114  9:47  Roach x3  
  114  9:48  Roach x3  
  114  9:51  Baneling  
  114  9:52  Baneling x6  
  125  10:01  Extractor  
  125  10:02  Extractor x2  
  125  10:04  Extractor  
  121  10:08  Baneling x4, Zergling x2  
  121  10:09  Zergling x22  
  133  10:15  Extractor  
  131  10:24  Zergling x6  
  132  10:36  Drone x3  
  132  10:38  Drone x3  
  132  10:39  Drone x3  
  139  10:48  Overlord x2  
  139  10:49  Overlord  
  132  10:50  Drone  
  132  10:51  Drone x2  
  127  11:11  Roach x7  
  116  11:12  Roach x5  
  116  11:17  Zerg Missile Weapons Level 2  
  116  11:18  Zerg Ground Armor Level 2  
  120  11:22  Ravager  
  110  11:38  Hive  
  107  11:43  Extractor, Drone x4  
  110  11:47  Ravager  
  110  11:49  Ravager x2  
  110  11:50  Zergling x2  
  110  11:51  Zergling x20  
  124  11:55  Queen  
  124  11:57  Queen  
  124  11:59  Zergling x14  
  135  12:06  Overlord x2  
  135  12:07  Overlord  
  135  12:09  Roach x9  
  135  12:14  Drone x2  
  144  12:34  Swarm Host x2  
  144  12:35  Swarm Host x5  
  152  12:40  Zergling x26  
  163  12:49  Swarm Host, Extractor  
  163  12:50  Swarm Host  
  168  12:53  Overlord x3  
  168  12:58  Baneling  
  168  12:59  Baneling x6  
  168  13:15  Zergling x2  
  168  13:16  Zergling x24  
  181  13:22  Ultralisk Cavern  
  174  13:31  Roach  
  174  13:32  Roach x12  
  153  13:59  Roach x4  
  153  14:00  Roach x6  
  153  14:01  Overlord x2  
  163  14:03  Roach x6  
  173  14:13  Zergling x2  
  173  14:14  Zergling x10  
  179  14:23  Pneumatized Carapace  
  179  14:30  Ravager x6  
  185  14:31  Overlord  
  185  14:32  Zergling x2  
  185  14:33  Zergling x16  
  185  14:34  Baneling x2  
  185  14:35  Baneling x3  
  194  14:49  Zergling x2  
  194  14:50  Zergling x14  
  190  15:05  Drone  
  190  15:06  Drone x23  
  192  15:21  Hatchery  
  191  15:24  Baneling  
  191  15:25  Baneling x15  
  191  15:26  Zergling x14  
  198  15:30  Hatchery  
  195  15:58  Baneling x4  
  195  15:59  Baneling x3  
Show
View Real Time Build Order
Export as new Build Order

King Terran 

Build Orders:  

Get SALT Encoding   

  12  0:00  SCV  
  13  0:13  SCV  
  14  0:19  Supply Depot  
  14  0:25  SCV  
  15  0:38  Refinery  
  15  0:40  SCV  
  16  0:45  Barracks  
  16  0:53  SCV  
  17  1:05  SCV  
  18  1:18  SCV  
  20  1:32  Reaper  
  20  1:33  Orbital Command  
  20  1:51  Command Center  
  20  1:58  SCV  
  21  2:05  Barracks  
  21  2:08  Barracks Reactor  
  21  2:12  SCV  
  22  2:17  Supply Depot  
  22  2:29  SCV, Factory  
  23  2:36  Refinery  
  23  2:45  SCV, Marine x2  
  26  2:57  SCV  
  26  2:58  Barracks Tech Lab  
  27  3:04  Orbital Command  
  27  3:05  Marine x2  
  27  3:09  SCV  
  30  3:18  Marine  
  30  3:19  Factory Reactor  
  31  3:21  SCV, Stimpack  
  31  3:26  Marine x2  
  34  3:30  SCV  
  34  3:33  SCV  
  36  3:36  Starport  
  36  3:42  SCV  
  36  3:43  Supply Depot  
  36  3:45  SCV  
  36  3:48  Marine x2  
  40  3:50  Marine  
  41  3:58  Hellion x2  
  41  3:59  SCV  
  46  4:05  SCV  
  47  4:12  SCV  
  47  4:17  SCV, Medivac  
  49  4:18  Supply Depot  
  49  4:24  SCV  
  51  4:26  Marine x3  
  54  4:39  SCV x2, Armory  
  54  4:44  Supply Depot, Marine x2, Hellion x2  
  62  4:47  Supply Depot  
  62  5:05  SCV x2, Medivac, Marine x3  
  69  5:07  Supply Depot  
  69  5:10  Hellion x2  
  73  5:17  SCV  
  73  5:18  SCV  
  75  5:23  Combat Shield, Marine  
  75  5:24  Marine x2  
  78  5:30  SCV x2  
  78  5:35  Command Center  
  80  5:38  Supply Depot  
  80  5:40  Hellion  
  80  5:41  Marine, Hellion  
  80  5:42  SCV  
  86  5:59  SCV  
  86  6:00  SCV  
  64  6:11  SCV  
  64  6:14  Marine x3  
  64  6:15  Hellion x2  
  67  6:31  Starport Reactor, Marine x2  
  63  6:45  Hellbat  
  63  6:46  Marauder  
  63  6:47  Hellbat  
  67  6:49  Marine  
  67  6:51  SCV x2, Barracks x2  
  67  6:52  Liberator, Barracks  
  67  6:53  Liberator  
  70  6:54  Factory  
  70  6:57  Engineering Bay x2  
  70  7:01  Orbital Command  
  70  7:03  SCV x2  
  70  7:04  Marine  
  70  7:07  Marine  
  70  7:08  Hellbat x2  
  78  7:13  Marine  
  78  7:15  SCV x2  
  87  7:25  Terran Infantry Armor Level 1, Marauder, Terran Infantry Weapons Level 1  
  87  7:27  SCV x2  
  87  7:29  Refinery  
  91  7:30  Refinery  
  91  7:32  Orbital Command  
  89  7:39  Marine x2  
  89  7:40  Barracks Tech Lab  
  89  7:41  Barracks Tech Lab x2  
  89  7:43  Barracks Reactor  
  89  7:44  Barracks Reactor  
  91  7:47  Command Center, Marauder  
  91  7:50  Hellbat x2  
  91  7:51  Factory Tech Lab  
  97  7:58  SCV  
  97  7:59  SCV x2  
  97  8:01  Marauder, Marine x2  
  104  8:08  Marauder  
  106  8:14  Hellbat  
  106  8:18  Command Center, Marine  
  109  8:23  Hellbat, Marauder  
  109  8:24  Marine  
  109  8:33  Marine  
  109  8:34  Marine  
  109  8:35  Marauder  
  109  8:36  Siege Tank  
  109  8:37  Marine x2  
  109  8:39  Marine  
  88  8:43  Marine  
  88  8:45  Marauder  
  88  8:46  SCV x3  
  89  8:49  Hellbat  
  89  8:51  Marine  
  92  8:56  Marauder  
  92  8:57  Hellbat  
  92  8:58  SCV x3  
  96  9:03  Marine x2  
  96  9:04  Marine x2  
  96  9:06  Marauder  
  96  9:08  Marine  
  95  9:11  Marine  
  82  9:18  Marauder  
  82  9:21  Marine x2  
  85  9:24  Marine  
  85  9:25  Marine  
  85  9:27  Marauder, Marine  
  85  9:28  Marine  
  89  9:39  Marauder, Marine x2  
  89  9:42  Marine x2  
  89  9:45  Marine  
  91  9:46  Marine  
  91  9:49  Marauder  
  91  9:50  Planetary Fortress  
  94  9:57  Marine  
  95  10:00  Marauder  
  95  10:02  Marine  
  95  10:03  Marine  
  95  10:06  Marine x2  
  101  10:10  SCV, Marauder  
  101  10:11  SCV  
  105  10:15  Refinery, Marine  
  105  10:22  Marauder  
  105  10:23  SCV x2, Marine x2  
  105  10:27  Marine  
  112  10:29  SCV  
  112  10:30  Marine  
  112  10:31  Marauder  
  112  10:32  Marine  
  112  10:35  SCV, Marine  
  118  10:40  Marine x2  
  121  10:43  Marauder  
  121  10:44  Orbital Command  
  121  10:45  Marine  
  121  10:49  Planetary Fortress  
  116  10:52  Marine x2  
  116  10:53  Marauder  
  117  10:58  Marine  
  117  11:00  Marine  
  105  11:04  Marine  
  105  11:05  Marauder  
  105  11:06  Marine  
  105  11:10  Marine x2  
  102  11:13  Terran Infantry Weapons Level 2, Siege Tank  
  102  11:14  Marauder, Terran Infantry Armor Level 2  
  102  11:16  Marine  
  93  11:19  Marine  
  93  11:22  Marine  
  93  11:24  Marine  
  82  11:26  Marauder  
  82  11:28  Hellbat x2, Marine  
  82  11:31  Marine  
  83  11:34  Marine  
  83  11:36  Marauder  
  83  11:37  SCV x2  
  80  11:41  SCV  
  80  11:44  SCV x2  
  80  11:45  Siege Tank, Marine  
  87  11:47  Marauder  
  87  11:50  SCV  
  87  11:51  SCV  
  91  11:54  SCV  
  91  11:56  SCV  
  91  11:57  Marauder  
  91  11:59  Marine x2  
  91  12:00  Hellbat x2  
  101  12:06  SCV x2  
  101  12:07  Marine x2  
  105  12:09  Marauder, Marine  
  105  12:12  Marine  
  109  12:17  Infernal Pre-Igniter, Marine  
  109  12:18  Marauder  
  109  12:20  Marine  
  113  12:25  Hellbat, Marine x2  
  113  12:26  Hellbat, Marine  
  117  12:30  Marauder, Marine  
  117  12:34  Marine  
  105  12:37  Marine  
  105  12:39  SCV x3  
  105  12:40  Marauder  
  105  12:43  Marine x2  
  104  12:44  Marine  
  104  12:45  Medivac  
  104  12:46  Medivac, Siege Tank  
  104  12:48  SCV, Marine  
  104  12:49  SCV  
  115  12:51  Marauder  
  115  12:52  SCV x2, Marine  
  115  12:55  Marine  
  115  12:56  Hellbat  
  115  12:57  Hellbat  
  123  13:01  Supply Depot  
  123  13:03  Supply Depot  
  123  13:04  Supply Depot  
  123  13:18  Marine  
  123  13:20  Marine  
  123  13:21  Marauder, Marine  
  123  13:22  SCV, Marine x3  
  123  13:23  SCV, Marauder  
  127  13:30  Hellbat x2  
  125  13:36  Marine  
  125  13:37  Marine  
  125  13:39  Marine  
  125  13:40  Marine x3  
  125  13:41  Siege Tank  
  125  13:43  Marauder  
  125  13:44  Marauder  
  112  13:49  Medivac  
  112  13:50  Medivac  
  112  13:54  Marine  
  107  13:55  Marine  
  107  13:57  Marine x2  
  107  13:58  Hellbat, Marine x2  
  107  13:59  Hellbat  
  107  14:01  SCV x2  
  107  14:02  SCV x2  
  114  14:04  Marauder  
  114  14:06  Marauder  
  118  14:12  Marine  
  118  14:13  SCV, Marine  
  118  14:15  Siege Tank, Marine x2  
  118  14:16  Marine x2  
  129  14:22  Hellbat  
  130  14:24  Hellbat  
  130  14:29  Orbital Command  
  132  14:32  Command Center  
  132  14:39  Marine x2  
  132  14:40  Marine  
  132  14:42  SCV  
  132  14:43  Marine x3  
  132  14:45  SCV x2  
  132  14:47  Marauder  
  132  14:50  Marauder  
  132  14:56  Marine  
  132  14:57  Marine  
  132  14:58  Hellbat, Marine  
  132  14:59  Hellbat  
  131  15:00  Marine  
  131  15:01  Marine x2  
  106  15:08  Marauder  
  106  15:11  Marauder  
  106  15:12  Siege Tank  
  106  15:13  SCV x2  
  106  15:14  SCV, Marine  
  108  15:15  Marine  
  108  15:16  Marine  
  108  15:18  SCV, Marine  
  108  15:19  Marine  
  114  15:23  Marine  
  114  15:24  Hellbat  
  114  15:25  Hellbat  
  114  15:26  SCV x2  
  121  15:30  Marauder  
  121  15:31  Command Center  
  121  15:32  Marauder, Marine  
  121  15:33  Marine  
  121  15:34  Marine  
  126  15:36  Marine  
  126  15:37  Marine  
  126  15:43  Marine  
  126  15:47  Hellbat x2  
  124  15:50  Marine  
  124  15:51  Marauder, Marine  
  124  15:52  Marine  
  124  15:54  Marauder, Marine  
  124  15:55  Marine  
Tags
 
Composition
Swarm Host
League
Diamond
Matchup
TvZ
Spawn Locations
Cross Positions
Add a new tag
Caveats
  • Supply blocks, unpowered buildings, or Contaminate may cause inaccurate times.
  • Supply counts are checked every 10 seconds.